 Dungeon Crawl Stone Soup version 0.20.1-1-g8b1a95d (webtiles) character file.

88 taka the Sneak (level 4, -1/36 HPs)
             Began as a Human Wanderer on Aug 20, 2017.
             Slain by a worker ant (3 damage)
             ... on level 3 of the Dungeon.
             The game lasted 00:08:08 (3369 turns).

taka the Sneak (Human Wanderer)                     Turns: 3369, Time: 00:08:08

Health: -1/36      AC:  2    Str: 12    XL:     4   Next: 82%
Magic:  4/4        EV: 10    Int: 10    God:
Gold:   90         SH:  8    Dex: 16    Spells: 3/3 levels left

rFire    . . .     SeeInvis .   e - +1 dagger
rCold    . . .     Gourm    .   a - +0 shield
rNeg     . . .     Faith    .   d - +0 robe
rPois    .         Spirit   .   (no helmet)
rElec    .         Reflect  .   (no cloak)
rCorr    .         Harm     .   (no gloves)
MR       .....                  (no boots)
Stlth    +++.......             (no amulet)
Regen    0.2/turn               (no ring)
MPRegen  0.1/turn               (no ring)

@: lethally poisoned (-1 -> -2)
A: no striking features
a: no special abilities


You were on level 3 of the Dungeon.
You were not hungry.

You visited 1 branch of the dungeon, and saw 3 of its levels.

You collected 90 gold pieces.

Inventory:

Hand Weapons
 b - a +0 quarterstaff
 e - a +1 dagger (weapon)
Armour
 a - a +0 shield (worn)
 d - a +0 robe (worn)
Scrolls
 g - a scroll of remove curse {unknown}
 h - 4 scrolls of identify
 l - a scroll of teleportation {unknown}
 m - a scroll of amnesia
 n - a scroll of recharging {unknown}
 o - a scroll of enchant weapon
 p - a scroll of fog {unknown}
 r - a scroll of enchant armour {unknown}
Potions
 c - a potion of berserk rage {unknown}
 i - a potion of ambrosia
 j - a potion of magic {unknown}
 q - a potion of mutation {unknown}
Comestibles
 f - 4 bread rations
 k - 3 fruits


   Skills:
 + Level 3.6 Fighting
 + Level 0.8 Short Blades
 + Level 1.0 Staves
 + Level 1.0 Throwing
 + Level 1.6 Dodging
 + Level 4.8 Stealth
 + Level 1.6 Shields


You had 3 spell levels left.
You didn't know any spells.

Dungeon Overview and Level Annotations

Branches:
Dungeon (3/15)

Altars:
Nemelex Xobeh


Message History

The worker ant bites you!
* * * LOW HITPOINT WARNING * * *
You hit the worker ant.
The worker ant is moderately wounded.
The worker ant bites you but does no damage.
The worker ant bites you.
* * * LOW HITPOINT WARNING * * *
You hit the worker ant.
The worker ant is heavily wounded.
You feel sick. The worker ant bites you.
* * * LOW HITPOINT WARNING * * *
You closely miss the worker ant.
The worker ant is heavily wounded.
The worker ant waves its antennae.
You block the worker ant's attack.
The leopard gecko hisses angrily.
You hit the worker ant but do no damage.
The worker ant is heavily wounded.
You block the worker ant's attack. The worker ant bites you.
You die...

### ############.#
#............#
#.##########.# #.# #@#
#.# #a####### #.#
#.....?.# #.# #...[...#
####.# .........# #....#
#...l......# #....#
............#
##'''########l..>......#
##...########....#######


You could see a worker ant and a leopard gecko.

Vanquished Creatures
  3 adders
  3 worms (D:2)
  A dart slug (D:1)
  A leopard gecko (D:1)
  5 orcs (D:3)
  A giant cockroach (D:1)
  6 goblins
  2 hobgoblins
  A quokka (D:2)
  9 bats
  4 frilled lizards
  4 kobolds
  6 rats
46 creatures vanquished.

Notes
Turn   | Place    | Note
-------+----------+-------------------------------------------
     0 | D:1      | taka the Human Wanderer began the quest for the Orb.
     0 | D:1      | taka set off with: a +0 shield, a +0 quarterstaff, a potion of lignification, a +0 robe, a +0 dagger, a bread ration
     0 | D:1      | Reached XP level 1. HP: 18/18 MP: 1/1
   127 | D:1      | Reached XP level 2. HP: 22/24 MP: 2/2
   929 | D:1      | Reached XP level 3. HP: 27/29 MP: 3/3
  1472 | D:2      | Reached skill level 1 in Dodging
  1955 | D:2      | Reached XP level 4. HP: 32/35 MP: 4/4
  2483 | D:2      | Found a faded altar of an unknown god.
  3306 | D:3      | Found a sparkling altar of Nemelex Xobeh.
  3367 | D:3      | HP: 1/36 [worker ant (3)]
  3369 | D:3      | Slain by a worker ant

Skill      XL: |  1  2  3 |
---------------+----------+-----
Dodging        | 1 |  1.6
Fighting       | |  3.6
Short Blades   | |  0.8
Staves         | |  1.0
Throwing       | |  1.0
Stealth        | |  4.8
Shields        | |  1.6

Action                   |  1- 3 |  4- 6 || total
-------------------------+-------+-------++-------
Melee: Dagger            |   159 |   133 ||   292
  Use: Potion            |     5 |     1 ||     6
       Scroll            |     2 |       ||     2
 Stab: Sleeping          |     9 |     1 ||    10
  Eat: Chunk             |     3 |     5 ||     8
Armor: Robe              |    40 |     7 ||    47
       Skin              |     7 |       ||     7
Dodge: Dodged            |    54 |    40 ||    94
Block: Shield            |    58 |    52 ||   110
